 Dungeon Crawl Stone Soup version 0.25-a0-505-gae4569222e (webtiles) character file.

Game seed: 877118224401153745, levelgen mode: deterministic

161 kae the Insei (level 5, 0/41 HPs)
             Began as a Demonspawn Gladiator on Feb 14, 2020.
             Succumbed to an adder's poison
             ... on level 4 of the Dungeon.
             The game lasted 00:03:01 (3323 turns).

kae the Insei (Demonspawn Gladiator)                Turns: 3323, Time: 00:03:01

Health: 0/41       AC:  4    Str: 11 (14) XL:     5   Next: 18%
Magic:  5/5        EV: 13    Int:  7 (10) God:
Gold:   58         SH:  0    Dex: 12 (15) Spells: 4/4 levels left

rFire    + . .     SeeInvis .     - Unarmed
rCold    x . .     Gourm    .   (no shield)
rNeg     + . .     Faith    .   a - +0 leather armour
rPois    .         Spirit   .   b - +0 helmet
rElec    .         Reflect  .   (no cloak)
rCorr    .         Harm     .   (no gloves)
MR       .....                  (no boots)
Stlth    +.........             (no amulet)
HPRegen  0.13/turn              h - ring of fire
MPRegen  0.09/turn              l - ring of positive energy

@: confused, lethally poisoned (0 -> -5), very slightly contaminated, invisible
A: sturdy frame 3
a: no special abilities


You were on level 4 of the Dungeon.
You were hungry.

You visited 1 branch of the dungeon, and saw 4 of its levels.

You collected 58 gold pieces.

Inventory:

Missiles
 c - 3 throwing nets (quivered)
Armour
 a - a +0 leather armour (worn)
 b - a +0 helmet (worn)
Jewellery
 g - a +3 ring of intelligence
 h - a ring of fire (left hand)
 l - a ring of positive energy (right hand)
Scrolls
 i - a scroll of remove curse {unknown}
Potions
 e - a potion of agility
 f - 2 potions of degeneration
Comestibles
 d - 7 rations


   Skills:
 + Level 3.4 Fighting
 - Level 1.7 Throwing
 - Level 2.6 Dodging
 * Level 4.7 Unarmed Combat


You had 4 spell levels left.
You didn't know any spells.
Your spell library was empty.

Dungeon Overview and Level Annotations

Branches:
Dungeon (4/15)
 Temple: D:4-7

Altars:


Innate Abilities, Weirdness & Mutations

Your movements are significantly less encumbered by armour. (ER -6)


Message History

You feel sick. Something completely misses you.
The orc hits you but does no damage.
It was a potion of invisibility.
You fade into invisibility!
Something hits you but does no damage.
You are very lightly contaminated with residual magic.
You feel sick.
It was a potion of magic.
Magic courses through your body.
You feel sick.
You closely miss something.
You feel sick.
You hear some strange, mumbled words.
You are confused.
The orc closely misses you.
You feel sick. The orc closely misses you.
Okay, then.
You're too confused!
You're too confused!
An orc is nearby!
The orc hits you with a +0 flail!
* * * LOW HITPOINT WARNING * * *
You die...

####### .......####
..........###
............#
...........# #
...........# .#
.......o@..## ..#
............#####...
.........#....#..#
.........##....#
........####..##
##.....## ##.##
####.# ##)## ##
##.## ##..#


You could see an orc.

Vanquished Creatures
  7 adders
  An ooze (D:2)
  3 worms (D:2)
  9 orcs
  A ball python (D:1)
  10 bats
  3 giant cockroaches
  10 goblins
  9 hobgoblins
  4 jackals (D:1)
  7 kobolds
  A frilled lizard (D:1)
  2 quokka skeletons (D:4)
  10 rats
77 creatures vanquished.

Notes
Turn   | Place    | Note
-------+----------+-------------------------------------------
     0 | D:1      | kae the Demonspawn Gladiator began the quest for the Orb.
     0 | D:1      | Reached XP level 1. HP: 16/16 MP: 1/1
   125 | D:1      | Reached skill level 3 in Unarmed Combat
   147 | D:1      | Gained mutation: Your movements are slightly less
                  | encumbered by armour. (ER -2) [demonic ancestry]
   147 | D:1      | Reached XP level 2. HP: 21/22 MP: 2/2
   631 | D:2      | Reached XP level 3. HP: 23/28 MP: 3/3
  1418 | D:2      | Reached skill level 4 in Unarmed Combat
  1564 | D:2      | Gained mutation: Your movements are less encumbered by
                  | armour. (ER -4) [demonic ancestry]
  1564 | D:2      | Reached XP level 4. HP: 29/34 MP: 4/4
  2779 | D:4      | Gained mutation: Your movements are significantly less
                  | encumbered by armour. (ER -6) [demonic ancestry]
  2779 | D:4      | Reached XP level 5. HP: 41/41 MP: 5/5
  3322 | D:4      | HP: 1/41 [orc/+0 flail (7)]
  3323 | D:4      | Succumbed to an adder's poison

Levels and vault maps discovered:
D:1:      ncdulo_lavacross, layout_loops_cross
D:2:      layout_loops_ring
D:3:      layout_basic, first_ration
D:4:      layout_cave_pods, temple_hall

Skill      XL: |  1  2  3  4 |
---------------+-------------+-----
Unarmed Combat | 3 4 |  4.7
Fighting       | 3 |  3.4
Throwing       | |  1.7
Dodging        | |  2.6

Action                   |  1- 3 |  4- 6 || total
-------------------------+-------+-------++-------
Melee: Unarmed           |   158 |   151 ||   309
       Punch             |     3 |     4 ||     7
  Use: Scroll            |     1 |     2 ||     3
       Potion            |       |     3 ||     3
 Stab: Sleeping          |     2 |       ||     2
       Distracted        |     1 |       ||     1
  Eat: Chunk             |     2 |     5 ||     7
Armor: Leather armour    |    45 |    32 ||    77
Dodge: Dodged            |   115 |   103 ||   218

Table legend:
 A = Non-vault XP
 B = Vault XP
 C = Vault XP percentage of total XP
 D = Non-vault monster count
 E = Vault monster count
 F = Vault count percentage of total count
                 A         B        C        D         E       F
            +---------+---------+-------+---------+---------+-------
      Total |     230 |       0 |   0.0 |      77 |       0 |   0.0
            +---------+---------+-------+---------+---------+-------
        D:1 |      34 |       0 |   0.0 |      19 |       0 |   0.0
        D:2 |      71 |       0 |   0.0 |      28 |       0 |   0.0
        D:3 |      90 |       0 |   0.0 |      20 |       0 |   0.0
        D:4 |      35 |       0 |   0.0 |      10 |       0 |   0.0
            +---------+---------+-------+---------+---------+-------
